 Dungeon Crawl Stone Soup version 0.15-a0-890-g337b859 (webtiles) character file.

184 rodrick the Chopper (level 5, 0/37 HPs)
             Began as a Plutonian Berserker on May 19, 2014.
             Was a Priest of Trog.
             Killed from afar by a hobgoblin (21 damage)
             ... with an exploding inner flame
             ... hexed by the player character
             ... on Level 4 of the Dungeon.
             The game lasted 00:07:32 (2549 turns).

rodrick the Chopper (Plutonian Berserker)           Turns: 2549, Time: 00:07:32

HP   0/37        AC 16     Str 18      XL: 5   Next: 36%
MP   4/4         EV  5     Int  9      God: Trog [***...]
Gold 236         SH  0     Dex 15      Spells:  0 memorised,  4 levels left

rFire  . . .     SeeInvis .     a - +0 hand axe
rCold  . . .     Clarity  .     n - +4 plate armour
rNeg   . . .     Conserve .     (no shield)
rPois  .         rCorr    .     (no helmet)
rElec  .         rRot     .     (no cloak)
SustAb .         Spirit   .     (no gloves)
rMut   .         Warding  .     u - +0 pair of boots
Gourm  .         Stasis   .     (no amulet)
MR     .....                    (no ring)
                                (no ring)

@: slightly contaminated, glowing, not resistant to hostile enchantments,
extremely unstealthy
A: agile 1, blink 1, clever 1, evolution 1
a: Overload, Blink, Burn Spellbooks, Berserk, Trog's Hand, Renounce Religion


You were on level 4 of the Dungeon.
You worshipped Trog.
Trog was most pleased with you.
You were not hungry.

You visited 1 branch of the dungeon, and saw 4 of its levels.

You collected 236 gold pieces.

Inventory:

Hand weapons
 a - a +0,+0 hand axe (weapon)
Missiles
 k - 6 javelins (quivered)
Armour
 n - a +4 plate armour (worn)
 u - a +0 pair of boots (worn)
Magical devices
 b - a wand of enslavement (4) {unknown}
Comestibles
 f - 2 chokos
 g - a bread ration
 s - a lemon
 t - a pear
Scrolls
 q - a scroll of remove curse
Jewellery
 h - an uncursed ring of teleportation
 j - an uncursed ring of regeneration {unknown}
Potions
 c - 4 potions of curing
 d - a potion of confusion {unknown}
 e - a potion of poison {unknown}
 i - a potion of paralysis {unknown}
 l - a potion of lignification {unknown}
 m - a potion of degeneration {unknown}
 o - a potion of might {unknown}
 r - a potion of agility {unknown}
 v - a potion of haste
 w - a potion of restore abilities {unknown}
 x - a potion of berserk rage {unknown}


   Skills:
 * Level 4.0 Fighting
 * Level 4.4 Axes
 + Level 2.1 Throwing
 + Level 2.8 Armour
 - Level 2.0 Dodging


You had 4 spell levels left.
You didn't know any spells.

Dungeon Overview and Level Annotations

Branches:
Dungeon (4/15)
 Temple: D:4-7

Altars:
Fedhas
Makhleb


Innate Abilities, Weirdness & Mutations

You are agile. (Dex +2)
You can translocate small distances at will.
Your mind is acute. (Int +2)
You evolve.


Message History

Press: ? - help, Dir - move target cursor It was a scroll of blinking.
Read which item? (? for menu, Esc to quit)
As you read the scroll labeled FOR IXIUBOEN, it crumbles to dust.
The creatures around you are filled with an inner flame!
It was a scroll of immolation.
The hobgoblin hits you but does no damage.
You barely miss the hobgoblin. You hit the adder.
The adder is moderately wounded.
The adder bites you but does no damage.
The hobgoblin hits you but does no damage.
You hit the hobgoblin.
The hobgoblin explodes!
The fiery explosion engulfs the adder.
The adder explodes!
The fiery explosion engulfs you! Trog accepts your kill.
The fiery explosion engulfs you!
Ouch! That really hurt!
You die...

###.....,,,* *,⌠,,,⌠,,,⌠,* *
##..........* *,,,* ,,*,,,* *
#...........* ******,******
###..........#* *,,,*,,,*,,,*
......#####..# *,⌠,,,⌠,,,⌠,*
......#)([#..# *,,,*,,,*,,,*
......#"[!#..#########.#*********
......#!)?#...§#.......#
......#####...§§@#######
..#............§§#
...............§§#
.................#
#...##(..##.#....#
#.#...##....#....#*
..#...##.....###..#
..#...##........#.#*
..#.######......*.,*****


There were no monsters in sight!

Vanquished Creatures
  An orc priest (D:3)
  Ijyb (D:2)
  5 adders
  An inept feature mimic (D:3)
  A worm (D:3)
  A giant gecko (D:3)
  An ooze (D:3)
  8 orcs (D:3)
  2 ball pythons
  2 giant cockroaches
  10 hobgoblins
  A quokka (D:3)
  6 bats
  2 giant newts
  7 goblins
  10 jackals
  4 kobolds
  9 rats
72 creatures vanquished.

Notes
Turn   | Place    | Note
--------------------------------------------------------------
     0 | D:1      | rodrick, the Plutonian Berserker, began the quest for the Orb.
     0 | D:1      | Reached XP level 1. HP: 16/16 MP: 1/1
   482 | D:1      | Reached XP level 2. HP: 21/21 MP: 2/2
   800 | D:1      | Gained mutation: You can translocate small distances at will. [potion of mutation]
   800 | D:1      | Gained mutation: You are agile. (Dex +2) [potion of mutation]
   800 | D:1      | Gained mutation: You evolve. [potion of mutation]
   860 | D:1      | Acquired Trog's second power
   995 | D:2      | Noticed Ijyb
  1019 | D:2      | Killed Ijyb
  1019 | D:2      | Reached XP level 3. HP: 26/26 MP: 3/3
  1271 | D:2      | Gained mutation: Your mind is acute. (Int +2) [evolution]
  1344 | D:2      | Reached skill level 1 in Throwing
  1467 | D:2      | Reached XP level 4. HP: 32/32 MP: 3/3
  1532 | D:2      | Found a burning altar of Makhleb.
  1727 | D:3      | Reached skill level 4 in Axes
  2003 | D:3      | Reached XP level 5. HP: 35/37 MP: 4/4
  2443 | D:4      | Found a blossoming altar of Fedhas.
  2549 | D:4      | Killed from afar by a hobgoblin

Action                   |  1- 3 |  4- 6 || total
-------------------------+-------+-------++-------
Melee: Hand axe          |   141 |   188 ||   329
Throw: Javelin           |       |     1 ||     1
Invok: Berserk           |       |     1 ||     1
  Use: Scroll            |     3 |     3 ||     6
       Potion            |     1 |       ||     1
